[ AOE2 MATCH · #473146752 ]
UnrankedEthiopians vs None
Player's team · LOSS
Rival team · WIN
[ REPLAY ANALYSIS · EXTRACTED FROM THE RECORDED GAME ]
Feudal
—
Castle
—
Imperial
—
| APM avg | 46.1 |
| APM peak | 114 |
| eAPM avg | 17.5 |
| Villagers / military | 0 / 415 |
Focus
⚔️ 84.5% · 🌾 15.5%
Archer ×245 · Camel Scout ×170
Feudal
—
Castle
—
Imperial
—
| APM avg | 51.0 |
| APM peak | 86 |
| eAPM avg | 23.5 |
| Villagers / military | 0 / 377 |
Focus
⚔️ 97.7% · 🌾 2.3%
Knight ×377
Feudal
—
Castle
—
Imperial
—
| APM avg | 64.8 |
| APM peak | 105 |
| eAPM avg | 41.9 |
| Villagers / military | 0 / 1036 |
Focus
⚔️ 93.6% · 🌾 6.4%
Knight ×700 · Cavalry Archer ×335 · Skirmisher ×1
Feudal
—
Castle
—
Imperial
—
| APM avg | 83.5 |
| APM peak | 120 |
| eAPM avg | 61.7 |
| Villagers / military | 0 / 402 |
Focus
⚔️ 99.2% · 🌾 0.8%
Battering Ram ×397 · Scout Cavalry ×5
Feudal
—
Castle
—
Imperial
—
| APM avg | 38.9 |
| APM peak | 64 |
| eAPM avg | 18.8 |
| Villagers / military | 0 / 260 |
Focus
⚔️ 90.6% · 🌾 9.4%
Knight ×260
Feudal
—
Castle
—
Imperial
—
| APM avg | 29.1 |
| APM peak | 58 |
| eAPM avg | 14.8 |
| Villagers / military | 0 / 0 |
Focus
⚔️ 96.3% · 🌾 3.7%
Feudal
—
Castle
—
Imperial
—
| APM avg | 31.6 |
| APM peak | 68 |
| eAPM avg | 12.7 |
| Villagers / military | 0 / 115 |
Focus
⚔️ 93.1% · 🌾 6.9%
Battle Elephant ×115
Feudal
—
Castle
—
Imperial
—
| APM avg | 31.3 |
| APM peak | 67 |
| eAPM avg | 6.6 |
| Villagers / military | 0 / 0 |
Focus
⚔️ 88.9% · 🌾 11.1%
Match map
Initial resources + every placement click. Lines = walls · curves = elevation contours. ◆ gold · ⬟ stone · ● berries · ✦ relic · ◌ wall gap
Your base· ✓ Map-separated
Zorack's base· Open — unwalled flank
Dusky's base· Open — unwalled flank
twitch.tv/Cengo_AoE's base· Open — unwalled flank
THENIGHTWEMEET's base· ✓ Map-separated
Enzo's base· Open
wbako420's base· Open
Binn Ladden's base· Open
Smoothed initial terrain · ◌ = detected wall gap · hover for details
Inputs per minute
— Contadinu(?) - - Zorack
Build order — Contadinu(?)
132 actions detected in the replay
| 9:37 | Build | Archery Range |
| 9:39 | Build | Archery Range |
| 9:42 | Build | Archery Range |
| 9:43 | Build | Archery Range |
| 11:15 | Research | Bodkin Arrow |
| 11:15 | Research | Chain Mail Armor |
| 11:16 | Research | Iron Casting |
| 11:16 | Research | Leather Archer Armor |
| 11:41 | Research | Ballistics |
| 11:42 | Research | Guard Tower (upgrade) |
| 12:01 | Research | Crossbowman (upgrade) |
| 12:03 | Research | Thumb Ring |
| 12:41 | Build | Archery Range |
| 12:43 | Build | Archery Range |
| 12:47 | Build | Archery Range |
| 12:49 | Build | Archery Range |
| 12:51 | Build | Archery Range |
| 12:52 | Build | Archery Range |
| 12:59 | Build | Stone Wall |
| 13:43 | Build | Archery Range |
| 13:44 | Build | Archery Range |
| 13:46 | Build | Archery Range |
| 13:47 | Build | Archery Range |
| 14:49 | Build | Barracks |
| 14:51 | Queue | Archer ×5 |
| 14:51 | Queue | Archer ×5 |
| 14:52 | Queue | Archer ×5 |
| 14:52 | Queue | Archer ×5 |
| 14:52 | Queue | Archer ×5 |
| 15:09 | Queue | Archer ×5 |
| 15:09 | Queue | Archer ×5 |
| 15:09 | Queue | Archer ×5 |
| 15:10 | Queue | Archer ×5 |
| 15:10 | Queue | Archer ×5 |
| 15:10 | Queue | Archer ×5 |
| 15:11 | Queue | Archer ×5 |
| 15:11 | Queue | Archer ×5 |
| 15:11 | Queue | Archer ×5 |
| 15:11 | Queue | Archer ×5 |
| 15:12 | Queue | Archer ×5 |
| 15:35 | Queue | Archer ×5 |
| 15:36 | Queue | Archer ×5 |
| 15:43 | Research | Arson |
| 15:49 | Research | Chain Barding Armor |
| 15:59 | Build | Archery Range |
| 16:01 | Build | Archery Range |
| 16:02 | Build | Archery Range |
| 16:15 | Queue | Archer ×5 |
| 16:15 | Queue | Archer ×5 |
| 16:16 | Queue | Archer ×5 |
| 16:16 | Queue | Archer ×5 |
| 16:16 | Queue | Archer ×5 |
| 16:16 | Queue | Archer ×5 |
| 16:17 | Queue | Archer ×5 |
| 16:17 | Queue | Archer ×5 |
| 16:33 | Queue | Archer ×5 |
| 16:33 | Queue | Archer ×5 |
| 16:34 | Queue | Archer ×5 |
| 16:34 | Queue | Archer ×5 |
| 16:34 | Queue | Archer ×5 |
| 16:34 | Queue | Archer ×5 |
| 17:04 | Queue | Archer ×5 |
| 17:04 | Queue | Archer ×5 |
| 17:04 | Queue | Archer ×5 |
| 17:05 | Queue | Archer ×5 |
| 17:05 | Queue | Archer ×5 |
| 17:05 | Queue | Archer ×5 |
| 17:15 | Build | Stable |
| 17:16 | Build | Stable |
| 17:17 | Build | Stable |
| 17:19 | Build | Stable |
| 17:20 | Build | Stable |
| 17:21 | Build | Stable |
| 17:39 | Queue | Archer ×5 |
| 17:48 | Build | Stable |
| 17:51 | Build | Stable |
| 17:52 | Build | Stable |
| 18:03 | Queue | Archer ×5 |
| 18:43 | Research | Husbandry |
| 19:07 | Queue | Camel Scout ×5 |
| 19:15 | Queue | Archer ×5 |
| 19:15 | Queue | Archer ×5 |
| 19:15 | Queue | Archer ×5 |
| 19:16 | Queue | Archer ×5 |
| 19:16 | Queue | Archer ×5 |
| 19:16 | Queue | Archer ×5 |
| 19:16 | Queue | Archer ×5 |
| 19:17 | Queue | Archer ×5 |
| 19:32 | Queue | Camel Scout ×5 |
| 19:45 | Queue | Archer ×5 |
| 19:50 | Queue | Camel Scout ×5 |
| 20:05 | Queue | Camel Scout ×5 |
| 20:05 | Queue | Camel Scout ×5 |
| 20:05 | Queue | Camel Scout ×5 |
| 20:06 | Queue | Camel Scout ×5 |
| 20:06 | Queue | Camel Scout ×5 |
| 20:06 | Queue | Camel Scout ×5 |
| 20:06 | Queue | Camel Scout ×5 |
| 20:07 | Queue | Camel Scout ×5 |
| 20:07 | Queue | Camel Scout ×5 |
| 20:07 | Queue | Camel Scout ×5 |
| 20:08 | Queue | Camel Scout ×5 |
| 20:08 | Queue | Camel Scout ×5 |
| 20:11 | Build | Stable |
| 20:12 | Build | Stable |
| 20:13 | Build | Stable |
| 20:14 | Build | Stable |
| 20:27 | Queue | Camel Scout ×5 |
| 20:28 | Queue | Camel Scout ×5 |
| 20:28 | Queue | Camel Scout ×5 |
| 20:28 | Queue | Camel Scout ×5 |
| 20:28 | Queue | Camel Scout ×5 |
| 21:12 | Queue | Camel Scout ×5 |
| 21:12 | Queue | Camel Scout ×5 |
| 21:12 | Queue | Camel Scout ×5 |
| 21:12 | Queue | Camel Scout ×5 |
| 21:16 | Build | Stable |
| 21:16 | Build | Stable |
| 21:17 | Build | Stable |
| 21:29 | Queue | Camel Scout ×5 |
| 21:29 | Queue | Camel Scout ×5 |
| 21:29 | Queue | Camel Scout ×5 |
| 21:30 | Queue | Camel Scout ×5 |
| 21:30 | Queue | Camel Scout ×5 |
| 21:30 | Queue | Camel Scout ×5 |
| 22:02 | Build | Stable |
| 22:03 | Build | Stable |
| 22:03 | Build | Stable |
| 22:24 | Queue | Camel Scout ×5 |
| 22:25 | Queue | Camel Scout ×5 |
| 22:25 | Queue | Camel Scout ×5 |
| 22:25 | Queue | Camel Scout ×5 |
Build order — Zorack
130 actions detected in the replay
| 12:52 | Build | Barracks |
| 12:53 | Build | Stable |
| 12:54 | Build | Stable |
| 12:55 | Build | Stable |
| 12:58 | Build | Stable |
| 12:59 | Build | Stable |
| 13:00 | Build | Stable |
| 13:40 | Research | Iron Casting |
| 13:41 | Research | Chain Barding Armor |
| 13:42 | Research | Chain Mail Armor |
| 13:42 | Research | Bodkin Arrow |
| 13:43 | Research | Leather Archer Armor |
| 13:45 | Research | Treadmill Crane |
| 13:46 | Research | Ballistics |
| 13:46 | Research | Guard Tower (upgrade) |
| 13:47 | Research | Stronghold |
| 13:50 | Research | Arson |
| 13:51 | Research | Gambesons |
| 13:51 | Research | Pikeman (upgrade) |
| 13:52 | Research | Long Swordsman (upgrade) |
| 14:43 | Build | Stable |
| 14:44 | Build | Stable |
| 14:46 | Build | Stable |
| 14:47 | Build | Stable |
| 14:49 | Build | Stable |
| 14:49 | Build | Stable |
| 14:50 | Build | Stable |
| 14:52 | Build | Stable |
| 14:53 | Build | Stable |
| 14:59 | Build | Stable |
| 15:00 | Build | Stable |
| 15:01 | Build | Stable |
| 15:03 | Build | Stable |
| 15:04 | Build | Stable |
| 16:12 | Research | Husbandry |
| 16:12 | Queue | Knight ×5 |
| 16:13 | Queue | Knight ×5 |
| 16:13 | Queue | Knight ×5 |
| 16:13 | Queue | Knight ×5 |
| 16:14 | Queue | Knight |
| 16:14 | Queue | Knight ×5 |
| 16:15 | Queue | Knight ×5 |
| 16:15 | Queue | Knight ×5 |
| 16:15 | Queue | Knight ×5 |
| 16:15 | Queue | Knight ×5 |
| 16:15 | Queue | Knight ×5 |
| 16:16 | Queue | Knight ×5 |
| 16:16 | Queue | Knight ×5 |
| 16:16 | Queue | Knight ×5 |
| 16:57 | Queue | Knight ×5 |
| 16:57 | Queue | Knight ×5 |
| 16:57 | Queue | Knight ×5 |
| 16:58 | Queue | Knight ×5 |
| 16:58 | Queue | Knight ×5 |
| 16:58 | Queue | Knight ×5 |
| 16:59 | Queue | Knight |
| 16:59 | Queue | Knight ×5 |
| 16:59 | Queue | Knight ×5 |
| 17:52 | Queue | Knight ×5 |
| 17:52 | Queue | Knight ×5 |
| 17:52 | Queue | Knight ×5 |
| 17:53 | Queue | Knight ×5 |
| 17:53 | Queue | Knight ×5 |
| 17:53 | Queue | Knight ×5 |
| 17:53 | Queue | Knight ×5 |
| 17:54 | Queue | Knight |
| 17:54 | Queue | Knight ×5 |
| 17:54 | Queue | Knight ×5 |
| 17:54 | Queue | Knight ×5 |
| 17:55 | Queue | Knight ×5 |
| 17:55 | Queue | Knight ×5 |
| 18:38 | Queue | Knight ×5 |
| 18:38 | Queue | Knight ×5 |
| 18:38 | Queue | Knight ×5 |
| 18:39 | Queue | Knight ×5 |
| 18:39 | Queue | Knight ×5 |
| 18:39 | Queue | Knight ×5 |
| 18:40 | Queue | Knight |
| 18:40 | Queue | Knight ×5 |
| 18:41 | Queue | Knight ×5 |
| 18:41 | Queue | Knight ×5 |
| 18:41 | Queue | Knight ×5 |
| 18:41 | Queue | Knight ×2 |
| 18:43 | Queue | Knight ×5 |
| 18:43 | Queue | Knight ×5 |
| 19:07 | Queue | Knight ×5 |
| 19:07 | Queue | Knight ×5 |
| 19:08 | Queue | Knight ×5 |
| 19:08 | Queue | Knight ×5 |
| 19:08 | Queue | Knight ×5 |
| 19:08 | Queue | Knight ×5 |
| 19:09 | Queue | Knight ×5 |
| 19:38 | Queue | Knight ×5 |
| 19:38 | Queue | Knight ×5 |
| 19:39 | Queue | Knight ×5 |
| 19:39 | Queue | Knight ×5 |
| 19:39 | Queue | Knight ×5 |
| 19:39 | Queue | Knight ×3 |
| 19:45 | Build | Stable |
| 19:47 | Build | Stable |
| 19:48 | Build | Stable |
| 19:50 | Build | Stable |
| 19:52 | Build | Stable |
| 19:56 | Build | Stable |
| 19:57 | Build | Stable |
| 19:59 | Build | Stable |
| 20:02 | Build | Stable |
| 20:03 | Build | Stable |
| 20:05 | Build | Stable |
| 20:06 | Build | Stable |
| 20:07 | Build | Stable |
| 20:35 | Queue | Knight ×5 |
| 20:36 | Queue | Knight ×5 |
| 20:36 | Queue | Knight ×5 |
| 20:36 | Queue | Knight ×5 |
| 20:36 | Queue | Knight ×5 |
| 20:36 | Queue | Knight ×5 |
| 20:37 | Queue | Knight ×5 |
| 20:37 | Queue | Knight ×5 |
| 20:37 | Queue | Knight ×5 |
| 20:37 | Queue | Knight ×5 |
| 20:38 | Queue | Knight ×5 |
| 20:38 | Queue | Knight |
| 20:38 | Queue | Knight ×5 |
| 20:39 | Queue | Knight ×5 |
| 20:39 | Queue | Knight ×5 |
| 20:39 | Queue | Knight ×5 |
| 20:39 | Queue | Knight ×5 |
| 20:40 | Queue | Knight |
| 20:40 | Queue | Knight |
Build order — Dusky
First 150 of 314 actions detected
| 2:34 | Build | Stable |
| 3:24 | Build | Stable |
| 3:25 | Research | Bloodlines |
| 3:34 | Build | Stable |
| 3:36 | Build | Stable |
| 3:38 | Build | Stable |
| 3:39 | Build | Stable |
| 3:43 | Build | Stable |
| 3:44 | Build | Stable |
| 3:45 | Build | Stable |
| 3:47 | Build | Archery Range |
| 3:59 | Build | Stable |
| 4:00 | Build | Stable |
| 4:02 | Build | Archery Range |
| 4:03 | Build | Archery Range |
| 5:37 | Build | Archery Range |
| 5:38 | Build | Archery Range |
| 5:43 | Research | Husbandry |
| 5:43 | Queue | Knight |
| 5:43 | Queue | Knight ×5 |
| 5:43 | Queue | Knight ×5 |
| 5:43 | Queue | Knight ×5 |
| 5:44 | Queue | Knight ×5 |
| 5:44 | Queue | Knight ×5 |
| 5:44 | Queue | Knight ×5 |
| 5:48 | Research | Chain Barding Armor |
| 5:48 | Research | Bodkin Arrow |
| 5:49 | Research | Bodkin Arrow |
| 5:49 | Research | Chain Mail Armor |
| 5:59 | Queue | Knight |
| 5:59 | Queue | Knight ×5 |
| 6:03 | Research | Ballistics |
| 6:04 | Research | Treadmill Crane |
| 6:05 | Research | Guard Tower (upgrade) |
| 6:05 | Research | Guard Tower (upgrade) |
| 6:07 | Queue | Knight |
| 6:07 | Queue | Knight ×5 |
| 6:07 | Queue | Knight ×5 |
| 6:08 | Queue | Knight ×5 |
| 6:08 | Queue | Knight ×5 |
| 6:08 | Queue | Knight ×5 |
| 6:08 | Queue | Knight ×5 |
| 6:08 | Queue | Knight ×5 |
| 6:09 | Queue | Knight ×5 |
| 6:12 | Research | Leather Archer Armor |
| 6:12 | Research | Leather Archer Armor |
| 6:23 | Queue | Knight ×5 |
| 6:23 | Queue | Knight ×5 |
| 6:24 | Queue | Knight ×5 |
| 6:24 | Queue | Knight ×5 |
| 6:32 | Queue | Knight ×5 |
| 6:32 | Queue | Knight ×5 |
| 6:36 | Queue | Knight |
| 6:37 | Queue | Knight |
| 6:53 | Queue | Knight ×5 |
| 6:54 | Queue | Knight ×5 |
| 6:54 | Queue | Knight ×5 |
| 7:12 | Queue | Knight ×5 |
| 7:13 | Queue | Knight ×5 |
| 7:20 | Queue | Knight |
| 7:20 | Queue | Knight ×5 |
| 7:23 | Queue | Knight |
| 7:23 | Queue | Knight ×4 |
| 7:24 | Queue | Knight |
| 7:29 | Queue | Knight |
| 7:29 | Queue | Knight ×5 |
| 7:29 | Queue | Knight ×5 |
| 7:32 | Queue | Knight |
| 7:32 | Queue | Knight ×4 |
| 7:45 | Queue | Knight |
| 7:45 | Queue | Knight ×5 |
| 7:58 | Queue | Knight ×5 |
| 7:58 | Queue | Knight ×5 |
| 7:58 | Queue | Knight ×5 |
| 7:58 | Queue | Knight ×5 |
| 7:59 | Queue | Knight ×2 |
| 8:09 | Queue | Knight |
| 8:09 | Queue | Knight |
| 8:18 | Queue | Knight |
| 8:18 | Queue | Knight ×5 |
| 8:18 | Queue | Knight ×5 |
| 8:19 | Queue | Knight ×4 |
| 8:33 | Queue | Knight ×4 |
| 8:33 | Queue | Knight ×4 |
| 8:44 | Queue | Knight |
| 8:44 | Queue | Knight ×5 |
| 8:45 | Queue | Knight ×5 |
| 8:59 | Queue | Knight ×3 |
| 8:59 | Queue | Knight ×4 |
| 9:00 | Queue | Knight ×4 |
| 9:02 | Research | Thumb Ring |
| 9:02 | Queue | Cavalry Archer |
| 9:02 | Queue | Cavalry Archer ×5 |
| 9:03 | Queue | Cavalry Archer ×5 |
| 9:03 | Queue | Cavalry Archer ×5 |
| 9:11 | Queue | Knight |
| 9:11 | Queue | Knight |
| 9:15 | Build | Stable |
| 9:18 | Build | Stable |
| 9:38 | Queue | Knight |
| 9:39 | Queue | Knight |
| 9:39 | Queue | Knight ×5 |
| 9:44 | Queue | Knight ×5 |
| 9:44 | Queue | Knight ×5 |
| 9:46 | Queue | Knight |
| 9:47 | Queue | Knight |
| 9:51 | Queue | Knight |
| 9:51 | Queue | Knight |
| 9:52 | Queue | Knight |
| 9:55 | Queue | Cavalry Archer ×5 |
| 9:55 | Queue | Cavalry Archer ×5 |
| 9:55 | Queue | Cavalry Archer ×5 |
| 9:56 | Queue | Cavalry Archer ×5 |
| 9:56 | Queue | Cavalry Archer ×5 |
| 9:57 | Queue | Knight |
| 9:58 | Queue | Knight ×5 |
| 9:58 | Queue | Knight |
| 9:59 | Queue | Knight |
| 10:00 | Queue | Knight ×5 |
| 10:11 | Build | Stable |
| 10:43 | Queue | Knight ×5 |
| 10:43 | Queue | Knight ×5 |
| 10:49 | Build | Stable |
| 10:51 | Build | Archery Range |
| 10:53 | Build | Stable |
| 11:21 | Queue | Knight |
| 11:21 | Queue | Knight ×5 |
| 11:25 | Queue | Knight |
| 11:27 | Queue | Cavalry Archer ×5 |
| 11:27 | Queue | Cavalry Archer ×5 |
| 11:27 | Queue | Cavalry Archer ×5 |
| 11:27 | Queue | Cavalry Archer ×4 |
| 11:37 | Queue | Knight ×5 |
| 11:37 | Queue | Knight ×5 |
| 11:51 | Queue | Knight |
| 11:51 | Queue | Knight ×5 |
| 12:03 | Queue | Knight |
| 12:04 | Queue | Knight ×5 |
| 12:24 | Queue | Knight ×5 |
| 12:24 | Queue | Knight ×5 |
| 12:30 | Queue | Knight ×5 |
| 12:31 | Queue | Knight ×5 |
| 12:33 | Queue | Knight |
| 12:34 | Queue | Cavalry Archer ×5 |
| 12:34 | Queue | Cavalry Archer ×5 |
| 12:35 | Queue | Cavalry Archer ×5 |
| 12:35 | Queue | Cavalry Archer |
| 12:35 | Queue | Skirmisher |
| 12:41 | Build | Watch Tower |
| 12:43 | Queue | Knight |
Build order — twitch.tv/Cengo_AoE
First 150 of 213 actions detected
| 10:55 | Research | Leather Archer Armor |
| 10:55 | Research | Bodkin Arrow |
| 10:56 | Research | Chain Barding Armor |
| 10:57 | Research | Iron Casting |
| 13:19 | Build | Stable |
| 13:39 | Research | Chain Mail Armor |
| 13:41 | Research | Ballistics |
| 13:42 | Research | Guard Tower (upgrade) |
| 13:58 | Build | Siege Workshop |
| 14:00 | Build | Siege Workshop |
| 14:02 | Build | Siege Workshop |
| 14:06 | Build | Siege Workshop |
| 14:06 | Build | Siege Workshop |
| 14:08 | Build | Siege Workshop |
| 14:09 | Build | Siege Workshop |
| 14:11 | Build | Siege Workshop |
| 14:12 | Build | Siege Workshop |
| 14:57 | Queue | Battering Ram ×5 |
| 14:58 | Queue | Battering Ram ×5 |
| 14:58 | Queue | Battering Ram ×5 |
| 14:59 | Queue | Battering Ram ×5 |
| 15:23 | Build | Siege Workshop |
| 15:25 | Build | Siege Workshop |
| 15:26 | Build | Siege Workshop |
| 15:27 | Build | Siege Workshop |
| 15:29 | Build | Siege Workshop |
| 15:46 | Queue | Battering Ram ×5 |
| 15:47 | Queue | Battering Ram ×5 |
| 15:47 | Queue | Battering Ram |
| 15:47 | Queue | Battering Ram |
| 15:56 | Build | Siege Workshop |
| 15:57 | Build | Siege Workshop |
| 16:03 | Queue | Battering Ram ×5 |
| 16:03 | Queue | Battering Ram ×5 |
| 16:03 | Queue | Battering Ram |
| 16:04 | Queue | Battering Ram |
| 16:06 | Build | Siege Workshop |
| 16:08 | Build | Siege Workshop |
| 16:10 | Build | Siege Workshop |
| 16:12 | Build | Siege Workshop |
| 16:13 | Build | Siege Workshop |
| 16:16 | Build | Stable |
| 16:27 | Queue | Battering Ram ×5 |
| 16:28 | Queue | Battering Ram ×5 |
| 16:28 | Queue | Battering Ram ×5 |
| 16:28 | Queue | Battering Ram ×5 |
| 16:29 | Queue | Battering Ram ×5 |
| 16:29 | Queue | Battering Ram ×5 |
| 16:30 | Queue | Battering Ram ×5 |
| 16:30 | Queue | Battering Ram |
| 16:30 | Queue | Battering Ram |
| 16:36 | Research | Bloodlines |
| 16:36 | Research | Husbandry |
| 16:38 | Build | Archery Range |
| 16:50 | Queue | Battering Ram ×5 |
| 16:51 | Queue | Battering Ram ×5 |
| 16:51 | Queue | Battering Ram ×5 |
| 16:51 | Queue | Battering Ram |
| 16:51 | Queue | Battering Ram |
| 16:52 | Queue | Battering Ram ×5 |
| 16:52 | Queue | Battering Ram ×5 |
| 16:52 | Queue | Battering Ram |
| 16:59 | Queue | Scout Cavalry |
| 17:00 | Queue | Scout Cavalry |
| 17:00 | Queue | Scout Cavalry |
| 17:23 | Queue | Battering Ram ×5 |
| 17:24 | Queue | Battering Ram |
| 17:27 | Build | Siege Workshop |
| 17:29 | Build | Stone Wall |
| 17:33 | Build | Gate |
| 17:36 | Build | Gate |
| 17:59 | Queue | Battering Ram ×5 |
| 17:59 | Queue | Battering Ram ×5 |
| 17:59 | Queue | Battering Ram |
| 18:00 | Queue | Battering Ram |
| 18:00 | Queue | Battering Ram |
| 18:01 | Queue | Battering Ram ×5 |
| 18:01 | Queue | Battering Ram ×5 |
| 18:02 | Queue | Battering Ram ×5 |
| 18:02 | Queue | Battering Ram ×5 |
| 18:02 | Queue | Battering Ram ×5 |
| 18:03 | Queue | Battering Ram ×5 |
| 18:03 | Queue | Battering Ram ×5 |
| 18:03 | Queue | Battering Ram ×5 |
| 18:04 | Queue | Battering Ram ×5 |
| 18:04 | Queue | Battering Ram |
| 18:07 | Build | Stone Wall |
| 18:26 | Queue | Battering Ram ×5 |
| 18:26 | Queue | Battering Ram |
| 18:27 | Queue | Battering Ram |
| 18:27 | Queue | Battering Ram |
| 18:27 | Queue | Battering Ram |
| 18:28 | Queue | Battering Ram |
| 18:28 | Queue | Battering Ram |
| 18:29 | Queue | Battering Ram ×5 |
| 18:29 | Queue | Battering Ram ×5 |
| 18:29 | Queue | Battering Ram ×5 |
| 18:30 | Queue | Battering Ram ×5 |
| 18:30 | Queue | Battering Ram ×5 |
| 18:30 | Queue | Battering Ram ×5 |
| 18:30 | Queue | Battering Ram ×5 |
| 18:31 | Queue | Battering Ram ×5 |
| 18:31 | Queue | Battering Ram ×5 |
| 18:31 | Queue | Battering Ram ×5 |
| 18:32 | Queue | Battering Ram |
| 18:32 | Queue | Battering Ram |
| 18:32 | Queue | Battering Ram |
| 18:37 | Build | Siege Workshop |
| 18:37 | Build | Siege Workshop |
| 18:38 | Build | Siege Workshop |
| 18:38 | Build | Siege Workshop |
| 18:38 | Build | Siege Workshop |
| 18:39 | Build | Siege Workshop |
| 18:39 | Build | Siege Workshop |
| 18:39 | Build | Siege Workshop |
| 18:40 | Build | Siege Workshop |
| 18:40 | Build | Siege Workshop |
| 18:41 | Build | Siege Workshop |
| 18:41 | Build | Siege Workshop |
| 19:03 | Queue | Battering Ram ×5 |
| 19:03 | Queue | Battering Ram |
| 19:06 | Build | Siege Workshop |
| 19:08 | Build | Siege Workshop |
| 19:09 | Build | Siege Workshop |
| 19:10 | Build | Siege Workshop |
| 19:39 | Queue | Battering Ram ×5 |
| 19:39 | Queue | Battering Ram ×5 |
| 19:39 | Queue | Battering Ram ×5 |
| 19:40 | Queue | Battering Ram ×5 |
| 19:51 | Build | Stone Wall |
| 19:52 | Build | Stone Wall |
| 19:53 | Build | Stone Wall |
| 19:57 | Queue | Battering Ram ×5 |
| 19:57 | Queue | Battering Ram |
| 19:58 | Queue | Battering Ram |
| 19:58 | Queue | Battering Ram |
| 20:00 | Build | Siege Workshop |
| 20:01 | Build | Siege Workshop |
| 20:01 | Build | Siege Workshop |
| 20:01 | Build | Siege Workshop |
| 20:02 | Build | Siege Workshop |
| 20:03 | Build | Siege Workshop |
| 20:03 | Build | Siege Workshop |
| 20:03 | Build | Siege Workshop |
| 20:04 | Queue | Battering Ram ×5 |
| 20:05 | Queue | Battering Ram |
| 20:14 | Queue | Battering Ram ×5 |
| 20:15 | Queue | Battering Ram ×5 |
| 20:15 | Queue | Battering Ram ×5 |
| 20:19 | Queue | Battering Ram ×5 |
Build order — THENIGHTWEMEET
86 actions detected in the replay
| 4:03 | Build | Stone Wall |
| 6:08 | Build | Stable |
| 6:09 | Build | Stable |
| 6:11 | Build | Stable |
| 6:12 | Build | Stable |
| 6:28 | Build | Stable |
| 6:30 | Build | Stable |
| 6:32 | Build | Stable |
| 6:34 | Build | Stable |
| 6:38 | Build | Stable |
| 6:40 | Build | Stable |
| 6:42 | Build | Stable |
| 6:44 | Build | Stable |
| 6:57 | Build | Stable |
| 7:00 | Build | Stable |
| 7:02 | Build | Stable |
| 7:04 | Build | Stable |
| 7:07 | Build | Stable |
| 7:48 | Build | Stable |
| 7:50 | Build | Stable |
| 7:53 | Build | Stable |
| 7:56 | Build | Stable |
| 12:11 | Build | Stone Wall |
| 13:40 | Build | Watch Tower |
| 17:05 | Queue | Knight ×5 |
| 17:05 | Queue | Knight ×5 |
| 17:06 | Queue | Knight ×5 |
| 17:06 | Queue | Knight ×5 |
| 17:06 | Queue | Knight ×5 |
| 17:07 | Queue | Knight ×5 |
| 17:07 | Queue | Knight ×5 |
| 17:07 | Queue | Knight ×5 |
| 17:08 | Queue | Knight ×5 |
| 17:09 | Queue | Knight ×5 |
| 17:09 | Queue | Knight ×5 |
| 17:09 | Queue | Knight ×5 |
| 17:10 | Queue | Knight ×5 |
| 17:10 | Queue | Knight ×5 |
| 17:10 | Queue | Knight ×5 |
| 17:11 | Queue | Knight ×5 |
| 18:00 | Build | Stable |
| 18:03 | Build | Stable |
| 18:05 | Build | Stable |
| 18:08 | Build | Stable |
| 18:22 | Queue | Knight ×5 |
| 18:23 | Queue | Knight ×5 |
| 18:23 | Queue | Knight ×5 |
| 18:24 | Queue | Knight ×5 |
| 18:24 | Queue | Knight ×5 |
| 18:24 | Queue | Knight ×5 |
| 18:25 | Queue | Knight ×5 |
| 18:25 | Queue | Knight ×5 |
| 18:26 | Queue | Knight ×5 |
| 18:26 | Queue | Knight ×5 |
| 18:33 | Build | Stable |
| 18:35 | Build | Stable |
| 18:37 | Build | Stable |
| 18:39 | Build | Stable |
| 18:41 | Build | Stable |
| 18:43 | Build | Stable |
| 20:07 | Queue | Knight ×5 |
| 20:08 | Queue | Knight ×5 |
| 20:08 | Queue | Knight ×5 |
| 20:09 | Queue | Knight ×5 |
| 20:09 | Queue | Knight ×5 |
| 20:09 | Queue | Knight ×5 |
| 20:10 | Queue | Knight ×5 |
| 20:10 | Queue | Knight ×5 |
| 20:11 | Queue | Knight ×5 |
| 20:11 | Queue | Knight ×5 |
| 20:12 | Queue | Knight ×5 |
| 20:23 | Queue | Knight ×5 |
| 20:24 | Queue | Knight ×5 |
| 20:54 | Queue | Knight ×5 |
| 20:54 | Queue | Knight ×5 |
| 20:55 | Queue | Knight ×5 |
| 20:55 | Queue | Knight ×5 |
| 20:55 | Queue | Knight ×5 |
| 21:38 | Queue | Knight ×5 |
| 21:39 | Queue | Knight ×5 |
| 21:39 | Queue | Knight ×5 |
| 21:40 | Queue | Knight ×5 |
| 21:40 | Queue | Knight ×5 |
| 21:41 | Queue | Knight ×5 |
| 21:41 | Queue | Knight ×5 |
| 21:42 | Queue | Knight ×5 |
Build order — Enzo
11 actions detected in the replay
| 14:17 | Research | Hulche Javelineers |
| 14:20 | Research | Bodkin Arrow |
| 14:20 | Research | Leather Archer Armor |
| 14:22 | Research | Iron Casting |
| 14:22 | Research | Chain Mail Armor |
| 14:24 | Research | Ballistics |
| 14:25 | Research | Treadmill Crane |
| 14:25 | Research | Guard Tower (upgrade) |
| 14:26 | Research | Guard Tower (upgrade) |
| 14:27 | Research | Careening |
| 14:28 | Research | Tech 908 |
Build order — wbako420
140 actions detected in the replay
| 6:25 | Build | Stable |
| 6:27 | Build | Stable |
| 6:30 | Build | Stable |
| 8:43 | Build | Stable |
| 8:46 | Build | Stable |
| 8:50 | Build | Stable |
| 13:14 | Research | Husbandry |
| 13:23 | Research | Medical Corps |
| 14:02 | Research | Iron Casting |
| 14:04 | Research | Chain Mail Armor |
| 14:05 | Research | Chain Barding Armor |
| 14:06 | Research | Leather Archer Armor |
| 14:07 | Research | Bodkin Arrow |
| 14:13 | Research | Ballistics |
| 14:14 | Research | Guard Tower (upgrade) |
| 14:48 | Queue | Battle Elephant |
| 14:48 | Queue | Battle Elephant |
| 14:48 | Queue | Battle Elephant |
| 14:48 | Queue | Battle Elephant |
| 14:49 | Queue | Battle Elephant |
| 14:49 | Queue | Battle Elephant |
| 14:49 | Queue | Battle Elephant |
| 14:50 | Queue | Battle Elephant |
| 14:50 | Queue | Battle Elephant |
| 14:50 | Queue | Battle Elephant |
| 14:50 | Queue | Battle Elephant |
| 14:51 | Queue | Battle Elephant |
| 14:51 | Queue | Battle Elephant |
| 14:51 | Queue | Battle Elephant |
| 14:51 | Queue | Battle Elephant |
| 14:52 | Queue | Battle Elephant |
| 14:52 | Queue | Battle Elephant |
| 14:52 | Queue | Battle Elephant |
| 14:53 | Queue | Battle Elephant |
| 14:53 | Queue | Battle Elephant |
| 15:08 | Build | Stable |
| 15:09 | Build | Stable |
| 15:11 | Build | Stable |
| 15:12 | Build | Stable |
| 15:13 | Build | Stable |
| 15:15 | Build | Stable |
| 15:27 | Queue | Battle Elephant |
| 15:27 | Queue | Battle Elephant |
| 15:27 | Queue | Battle Elephant |
| 15:28 | Queue | Battle Elephant |
| 15:28 | Queue | Battle Elephant |
| 15:28 | Queue | Battle Elephant |
| 15:29 | Queue | Battle Elephant |
| 15:29 | Queue | Battle Elephant |
| 15:29 | Queue | Battle Elephant |
| 15:29 | Queue | Battle Elephant |
| 15:30 | Queue | Battle Elephant |
| 15:30 | Queue | Battle Elephant |
| 15:30 | Queue | Battle Elephant |
| 15:30 | Queue | Battle Elephant |
| 15:31 | Queue | Battle Elephant |
| 15:31 | Queue | Battle Elephant |
| 15:31 | Queue | Battle Elephant |
| 15:31 | Queue | Battle Elephant |
| 15:32 | Queue | Battle Elephant |
| 15:32 | Queue | Battle Elephant |
| 15:32 | Queue | Battle Elephant |
| 15:33 | Queue | Battle Elephant |
| 15:33 | Queue | Battle Elephant |
| 15:33 | Queue | Battle Elephant |
| 15:33 | Queue | Battle Elephant |
| 15:34 | Queue | Battle Elephant |
| 15:34 | Queue | Battle Elephant |
| 15:34 | Queue | Battle Elephant |
| 15:34 | Queue | Battle Elephant |
| 15:35 | Queue | Battle Elephant |
| 15:35 | Queue | Battle Elephant |
| 15:35 | Queue | Battle Elephant |
| 15:36 | Queue | Battle Elephant |
| 15:36 | Queue | Battle Elephant |
| 15:36 | Queue | Battle Elephant |
| 15:37 | Queue | Battle Elephant |
| 15:37 | Queue | Battle Elephant |
| 15:37 | Queue | Battle Elephant |
| 18:12 | Queue | Battle Elephant |
| 18:13 | Queue | Battle Elephant |
| 18:13 | Queue | Battle Elephant |
| 18:13 | Queue | Battle Elephant |
| 18:13 | Queue | Battle Elephant |
| 18:14 | Queue | Battle Elephant |
| 18:14 | Queue | Battle Elephant |
| 18:14 | Queue | Battle Elephant |
| 18:14 | Queue | Battle Elephant |
| 18:15 | Queue | Battle Elephant |
| 18:15 | Queue | Battle Elephant |
| 18:21 | Queue | Battle Elephant |
| 18:21 | Queue | Battle Elephant |
| 18:21 | Queue | Battle Elephant |
| 18:22 | Queue | Battle Elephant |
| 18:32 | Queue | Battle Elephant |
| 18:33 | Queue | Battle Elephant |
| 18:33 | Queue | Battle Elephant |
| 18:33 | Queue | Battle Elephant |
| 18:33 | Queue | Battle Elephant |
| 18:34 | Queue | Battle Elephant |
| 18:34 | Queue | Battle Elephant |
| 18:34 | Queue | Battle Elephant |
| 18:35 | Queue | Battle Elephant |
| 18:35 | Queue | Battle Elephant |
| 18:35 | Queue | Battle Elephant |
| 18:35 | Queue | Battle Elephant |
| 18:36 | Queue | Battle Elephant |
| 18:36 | Queue | Battle Elephant |
| 18:36 | Queue | Battle Elephant |
| 18:36 | Queue | Battle Elephant |
| 18:37 | Queue | Battle Elephant |
| 18:37 | Queue | Battle Elephant |
| 18:37 | Queue | Battle Elephant |
| 18:38 | Queue | Battle Elephant |
| 18:38 | Queue | Battle Elephant |
| 18:38 | Queue | Battle Elephant |
| 18:38 | Queue | Battle Elephant |
| 18:39 | Queue | Battle Elephant |
| 18:39 | Queue | Battle Elephant |
| 18:39 | Queue | Battle Elephant |
| 18:39 | Queue | Battle Elephant |
| 19:20 | Queue | Battle Elephant |
| 19:21 | Queue | Battle Elephant |
| 19:21 | Queue | Battle Elephant |
| 19:21 | Queue | Battle Elephant |
| 19:21 | Queue | Battle Elephant |
| 19:22 | Queue | Battle Elephant |
| 19:22 | Queue | Battle Elephant |
| 19:22 | Queue | Battle Elephant |
| 19:22 | Queue | Battle Elephant |
| 19:23 | Queue | Battle Elephant |
| 19:23 | Queue | Battle Elephant |
| 19:23 | Queue | Battle Elephant |
| 19:23 | Queue | Battle Elephant |
| 19:24 | Queue | Battle Elephant |
| 19:24 | Queue | Battle Elephant |
| 19:50 | Research | Elite Urumi Swordsman (upgrade) |
| 19:53 | Research | Spies/Treason |
| 19:54 | Research | Wootz Steel |
| 19:57 | Research | Conscription |
Build order — Binn Ladden
9 actions detected in the replay
| 14:15 | Research | Chatras |
| 14:19 | Research | Bodkin Arrow |
| 14:21 | Research | Leather Archer Armor |
| 14:22 | Research | Chain Mail Armor |
| 14:22 | Research | Iron Casting |
| 14:23 | Research | Chain Barding Armor |
| 14:26 | Research | Ballistics |
| 14:27 | Research | Guard Tower (upgrade) |
| 14:28 | Research | Treadmill Crane |
Match timeline
| 2:34 | Dusky · first_building Stable |
| 3:47 | Dusky · first_building Archery Range |
| 4:03 | THENIGHTWEMEET · wall_segment Stone Wall x14 |
| 6:08 | THENIGHTWEMEET · first_building Stable |
| 6:25 | wbako420 · first_building Stable |
| 9:37 | Contadinu(?) · first_building Archery Range |
| 12:11 | THENIGHTWEMEET · wall_segment Stone Wall x1 |
| 12:52 | Zorack · first_building Barracks |
| 12:53 | Zorack · first_building Stable |
| 12:59 | Contadinu(?) · wall_segment Stone Wall x11 |
| 13:19 | twitch.tv/Cengo_AoE · first_building Stable |
| 13:58 | twitch.tv/Cengo_AoE · first_building Siege Workshop |
| 14:49 | Contadinu(?) · first_building Barracks |
| 16:38 | twitch.tv/Cengo_AoE · first_building Archery Range |
| 17:15 | Contadinu(?) · first_building Stable |
| 17:29 | twitch.tv/Cengo_AoE · wall_segment Stone Wall x1 |
| 18:07 | twitch.tv/Cengo_AoE · wall_segment Stone Wall x1 |
| 19:51 | twitch.tv/Cengo_AoE · wall_segment Stone Wall x1 |
| 19:52 | twitch.tv/Cengo_AoE · wall_segment Stone Wall x1 |
| 19:53 | twitch.tv/Cengo_AoE · wall_segment Stone Wall x1 |
| 21:06 | wbako420 · resign |
[ AI ANALYSIS · 1 CREDIT ]
What really happened in this match?
Wolo.gg analyzes every decision: build order, eco, micro, common mistakes by bracket. Personalized analysis on WhatsApp or Discord in 30 seconds.
Civ guide
Ethiopians
Perfil
Jugador #249409